 Dungeon Crawl Stone Soup version 0.23-a0-635-g88ca12a7de (webtiles) character file.

4 Adamkad1 the Caller (level 1, -5/10 HPs)
             Began as a Tengu Summoner on Dec 27, 2018.
             Slain by a hobgoblin
             ... wielding a +0 club
              (7 damage)
             ... on level 1 of the Dungeon.
             The game lasted 00:00:33 (323 turns).

Adamkad1 the Caller (Tengu Summoner)                 Turns: 323, Time: 00:00:33

Health: -5/10      AC:  2    Str:  8    XL:     1   Next: 70%
Magic:  4/4        EV: 12    Int: 15    God:
Gold:   14         SH:  0    Dex: 14    Spells: 3/4 levels left

rFire    . . .     SeeInvis .   (no weapon)
rCold    . . .     Gourm    .   (no shield)
rNeg     . . .     Faith    .   a - +0 robe
rPois    .         Spirit   .   (helmet restricted)
rElec    .         Reflect  .   (no cloak)
rCorr    .         Harm     .   (no gloves)
MR       .....                  (boots unavailable)
Stlth    ++........             (no amulet)
HPRegen  0.03/turn              (no ring)
MPRegen  0.09/turn              (no ring)

@: no status effects
A: beak, talons 3
a: no special abilities


You were on level 1 of the Dungeon.
You were not hungry.

You visited 1 branch of the dungeon, and saw 1 of its levels.

You collected 14 gold pieces.

Inventory:

Armour
 a - a +0 robe (worn)
Scrolls
 d - a scroll of remove curse {unknown}
Comestibles
 b - 2 chunks of flesh
 c - 2 rations


   Skills:
 + Level 2.1 Dodging
 + Level 2.0 Stealth
 + Level 0.2 Unarmed Combat
 * Level 2.0 Spellcasting
 * Level 5.0 Summonings


You had 3 spell levels left.
You knew the following spells:

 Your Spells              Type           Power        Failure   Level  Hunger
a - Summon Small Mammal   Summ           ###.         2%          1    #......

Your spell library contained the following spells:

 Spells                   Type           Power        Failure   Level  Hunger
 Call Imp                 Summ           ###.....     4%          2    ###....
 Call Canine Familiar     Summ           ###.....     9%          3    ###....
 Summon Guardian Golem    Hex/Summ       #.......     24%         3    ###....
 Summon Ice Beast         Ice/Summ       #.......     61%         4    #####..
 Summon Lightning Spire   Summ/Air       #.......     61%         4    #####..


Dungeon Overview and Level Annotations

Branches:
Dungeon (1/15)

Altars:


Innate Abilities, Weirdness & Mutations

You have a beak for a mouth.
You have claws for feet.


Message History

Found a scroll labeled HIG JIULYNOON.
The helpless hobgoblin fails to defend itself.
You hit the hobgoblin but do no damage. Your peck misses the hobgoblin.
The hobgoblin barely misses you.
You barely miss the hobgoblin.
You peck the hobgoblin, but do no damage.
You closely miss the hobgoblin. The hobgoblin hits you with a +0 club.
You hit the hobgoblin but do no damage. The hobgoblin misses you.
You barely miss the hobgoblin. Your kick misses the hobgoblin.
You peck the hobgoblin, but do no damage.
The hobgoblin misses you.
You barely miss the hobgoblin. The hobgoblin closely misses you.
You hit the hobgoblin but do no damage.
You peck the hobgoblin, but do no damage.
The hobgoblin hits you with a +0 club.
* * * LOW HITPOINT WARNING * * *
You barely miss the hobgoblin. Your peck misses the hobgoblin.
The hobgoblin hits you with a +0 club!
Ouch! That really hurt!
You die...

#############
##.....g...[.#
.......@####.###########
.#.####................#
?.....................#
#.##.#.####.#.#.......#
#.#.# #..##........ .
#.# #.#.#.......# ## #.#
#.##........# #..
##.###.......# ..
#..>....#####รท


You could see a hobgoblin.

Vanquished Creatures
  A kobold (D:1)
  2 goblins (D:1)
  A rat (D:1)
4 creatures vanquished.

Vanquished Creatures (collateral kills)
  A frilled lizard (D:1)
1 creature vanquished.

Grand Total: 5 creatures vanquished

Notes
Turn   | Place    | Note
-------+----------+-------------------------------------------
     0 | D:1      | Adamkad1 the Tengu Summoner began the quest for the Orb.
     0 | D:1      | Reached XP level 1. HP: 10/10 MP: 4/4
   123 | D:1      | Reached skill level 5 in Summonings
   323 | D:1      | Slain by a hobgoblin

Vault maps used:
D:1:      shiori_arrival_maze, serial_forest, infiniplex_forest_lined_2,
          infiniplex_forest_straight_2, infiniplex_forest_clump_small,
          infiniplex_forest_lined_room_3, infiniplex_forest_lined_3_way,
          infiniplex_forest_straight_5, infiniplex_forest_end_double,
          infiniplex_forest_join, nrook_campfire

Skill      XL: |  1 |
---------------+----+-----
Summonings     | 5 |  5.0
Dodging        | |  2.1
Stealth        | |  2.0
Unarmed Combat | |  0.2
Spellcasting   | |  2.0

Action                   || total
-------------------------++-------
Melee: Unarmed           ||    22
       Peck              ||     5
       Kick              ||     4
 Cast: Summon Small Mamm ||     1
 Stab: Sleeping          ||     2
Armor: Robe              ||     1
Dodge: Dodged            ||    12

Table legend:
 A = Non-vault XP
 B = Vault XP
 C = Vault XP percentage of total XP
 D = Non-vault monster count
 E = Vault monster count
 F = Vault count percentage of total count
                 A         B        C        D         E       F
            +---------+---------+-------+---------+---------+-------
      Total |       5 |       2 |  28.6 |       4 |       1 |  20.0
            +---------+---------+-------+---------+---------+-------
        D:1 |       5 |       2 |  28.6 |       4 |       1 |  20.0
            +---------+---------+-------+---------+---------+-------
